 Dungeon Crawl Stone Soup version 0.29-a0-919-gd064cfad1c (webtiles) character file.

Game seed: 4892369467280611712

571887 Sobieck the Plane Walker (level 25, -15/139 HPs)
             Began as a Spriggan Hunter on June 28, 2022.
             Was the Champion of Dithmenos.
             Killed from afar by an electric golem (19 damage)
             ... with a bolt of lightning
             ... on level 5 of the Realm of Zot on July 26, 2022.
             The game lasted 04:23:50 (77757 turns).

Sobieck the Plane Walker (Spriggan Hunter)         Turns: 77757, Time: 04:23:50

Health: -15/139    AC:  8    Str: 11    XL:     25   Next: 66%
Magic:  6/39       EV: 47    Int: 11    God:    Dithmenos [******]
Gold:   4218       SH:  5    Dex: 35    Spells: 19/55 levels left

rFire   . . .      SeeInvis +   a - +8 arbalest (vorpal) {crossbow}
rCold   . . .      Faith    .   (shield currently unavailable)
rNeg    . . .      Spirit   .   X - +4 troll leather armour
rPois   +          Reflect  +   s - +0 mask of the Dragon {Will+ Slay+3 SInv}
rElec   .          Harm     .   t - scarf {repulsion}
rCorr   .          Rampage  .   (gloves unavailable)
Will    +++++                   (boots unavailable) Stlth ******++++
                                j - amulet of reflection
HPRegen 1.13/turn               e - ring of Viuj {*Corrode Drain +Blink EV+4 Dex+7}
MPRegen 0.26/turn               z - +4 ring of slaying

@: marked, wreathed by umbra, studying 3 skills, invisible, repel missiles, very
quick
A: very small, no large weapons, unfitting armour, see invisible, speed 3,
hooves 1, low MP 1, sense surroundings 1, poison resistance, strong 1
}: 3/15 runes: serpentine, barnacled, silver
a: Renounce Religion, Evoke Blink, Shadow Step, Shadow Form


You were on level 5 of the Realm of Zot.
You worshipped Dithmenos.
Dithmenos was exalted by your worship.
You visited 11 branches of the dungeon, and saw 50 of its levels.
You visited 1 bazaar.
You also visited: Sewer, Gauntlet and Ice Cave.

You collected 9212 gold pieces.
You spent 4994 gold pieces at shops.


Innate Abilities, Weirdness & Mutations

You are very small and have problems with some larger weapons.
You are too small for most types of armour.
You have supernaturally acute eyesight. (SInv)
You cover ground extremely quickly. (Speed+++)
You have large cloven feet.
Your magical capacity is low. (-10% MP)
You passively map a small area around you.
Your system is resistant to poisons. (rPois)
Your muscles are strong. (Str +4, Int/Dex -1)


   Skills:
 * Level 16.7 Fighting
 - Level 15.3 Ranged Weapons
 + Level 17.2 Dodging
 + Level 19.2 Stealth
 + Level 15.5 Spellcasting
 O Level 27 Hexes
 - Level 16.0 Summonings
 O Level 27 Translocations
 - Level 7.0 Transmutations


You had 19 spell levels left.
You knew the following spells:

 Your Spells              Type           Power      Damage    Failure   Level
a - Enfeeble              Hex            30%        N/A       1%          7
b - Portal Projectile     Hex/Tloc       100%       N/A       0%          3
c - Tukima's Dance        Hex            61%        N/A       0%          3
d - Yara's Violent Unrav  Hex/Tmut       22%        3d10      1%          5
e - Blink                 Tloc           100%       N/A       0%          2
f - Malign Gateway        Summ/Tloc      27%        N/A       1%          7
g - Discord               Hex            30%        N/A       1%          8
h - Apportation           Tloc           100%       N/A       0%          1

Your spell library contained the following spells:

 Spells                   Type           Power      Damage    Failure   Level
 Slow                     Hex            100%       N/A       0%          1
 Summon Small Mammal      Summ           100%       N/A       0%          1
 Confusing Touch          Hex            61%        N/A       0%          3
 Gell's Gravitas          Tloc           61%        N/A       0%          3
 Lesser Beckoning         Tloc           61%        N/A       0%          3
 Teleport Other           Tloc           61%        N/A       0%          3
 Passage of Golubria      Tloc           61%        N/A       0%          4
 Manifold Assault         Tloc           61%        N/A       0%          5
 Beastly Appendage        Tmut           46%        N/A       1%          1
 Call Imp                 Summ           43%        N/A       1%          2
 Ensorcelled Hibernation  Hex/Ice        76%        N/A       1%          2
 Wereblood                Tmut           23%        N/A       1%          2
 Anguish                  Hex/Necr       19%        N/A       1%          4
 Fulminant Prism          Conj/Hex       19%        3d11      1%          4
 Metabolic Englaciation   Hex/Ice        19%        N/A       1%          5
 Disjunction              Tloc           30%        N/A       1%          8
 Sting                    Tmut/Pois      64%        1d6       2%          1
 Passwall                 Tmut/Erth      13%        N/A       3%          2
 Animate Armour           Summ/Erth      52%        N/A       3%          4
 Summon Ice Beast         Ice/Summ       26%        N/A       3%          4
 Spider Form              Tmut/Pois      16%        N/A       7%          3
 Magic Dart               Conj           32%        1d4       10%         1
 Necrotise                Necr           32%        1d5       10%         1
 Shock                    Conj/Air       32%        1d5       10%         1
 Ignite Poison            Fire/Tmut/Pois 13%        N/A       11%         3
 Monstrous Menagerie      Summ           21%        N/A       12%         7
 Summon Hydra             Summ           21%        N/A       12%         7
 Poisonous Vapours        Pois/Air       16%        N/A       14%         2
 Searing Ray              Conj           16%        2d5       14%         2
 Sublimation of Blood     Necr           8%         N/A       14%         2
 Blade Hands              Tmut           11%        N/A       16%         5
 Ice Form                 Ice/Tmut       16%        N/A       22%         4
 Petrify                  Tmut/Erth      16%        N/A       22%         4
 Conjure Flame            Conj/Fire      8%         6-21      28%         3
 Frozen Ramparts          Ice            16%        1d3       28%         3
 Mephitic Cloud           Conj/Pois/Air  8%         N/A       28%         3
 Ozocubu's Armour         Ice            8%         N/A       28%         3
 Stone Arrow              Conj/Erth      16%        3d8       28%         3
 Swiftness                Air            8%         N/A       28%         3
 Vampiric Draining        Necr           8%         2d6       28%         3
 Alistair's Intoxication  Tmut/Pois      10%        N/A       54%         5
 Irradiate                Conj/Tmut      8%         3d14      54%         5
 Summon Horrible Things   Summ           21%        N/A       65%         8
 Airstrike                Air            4%         0-3+      67%         4
 Corpse Rot               Necr/Pois/Air  8%         N/A       67%         4
 Hailstorm                Conj/Ice       8%         3d4       67%         4
 Olgreb's Toxic Radiance  Pois           8%         N/A       67%         4
 Sticky Flame             Conj/Fire      8%         2d3       67%         4
 Agony                    Necr           8%         N/A       95%         5
 Fireball                 Conj/Fire      4%         3d4       95%         5
 Freezing Cloud           Conj/Ice/Air   4%         6-21      95%         5
 Lightning Bolt           Conj/Air       4%         1d15      95%         5
 Statue Form              Tmut/Erth      10%        N/A       98%         6
 Dragon Form              Tmut           11%        N/A       99%         7
 Conjure Ball Lightning   Conj/Air       4%         3x3d6     100%        6
 Death Channel            Necr           4%         N/A       100%        6
 Iron Shot                Conj/Erth      4%         9d2       100%        6
 Simulacrum               Ice/Necr       4%         N/A       100%        6
 Ozocubu's Refrigeration  Ice            4%         4d5       100%        7
 Borgnjor's Revivificati  Necr           4%         N/A       100%        8
 Ignition                 Fire           4%         3d4       100%        8
 Lehudib's Crystal Spear  Conj/Erth      4%         10d3      100%        8
 Necromutation            Tmut/Necr      8%         N/A       100%        8
 Chain Lightning          Conj/Air       4%         3d5       100%        9
 Death's Door             Necr           4%         N/A       100%        9
 Fire Storm               Conj/Fire      4%         8d1       100%        9
 Shatter                  Erth           4%         3d7*      100%        9

Inventory:

Hand Weapons
 a - a +8 vorpal arbalest (weapon) {crossbow}
   (You took it off an orc warrior on level 7 of the Dungeon)
 b - the +7 shortbow of Abomination {freeze, rElec rF+ rC+ Int-2, bow}
   (You bought it in a shop on level 1 of the Snake Pit)

   Any ammunition fired from it freezes those it strikes, dealing additional
   cold damage.
   It can also slow down cold-blooded creatures.
   Int:       It affects your intelligence (-2).
   rF:        It protects you from fire.
   rC:        It protects you from cold.
   rElec:     It insulates you from electricity.
 B - the +6 sling "Oruaggoaje" {freeze, Fly rElec MP+9 Dex-2}
   (You found it on level 6 of the Dungeon)

   Any ammunition fired from it freezes those it strikes, dealing additional
   cold damage.
   It can also slow down cold-blooded creatures.
   Dex:       It affects your dexterity (-2).
   rElec:     It insulates you from electricity.
   MP:        It affects your magic capacity (+9).
   Fly:       It grants you flight.
 J - a +0 hand crossbow of flaming {crossbow}
   (You took it off a naga sharpshooter on level 3 of the Snake Pit)
 Q - the +6 short sword of Conscience {antimagic, rElec rC++ Int+3, short}
   (You took it off a merfolk impaler on level 4 of the Shoals)

   It reduces the magical energy of the wielder, and disrupts the spells and
   magical abilities of those it strikes.
   Natural abilities and divine invocations are not affected.
   Int:       It affects your intelligence (+3).
   rC:        It greatly protects you from cold.
   rElec:     It insulates you from electricity.
 U - a +6 quick blade {shortrare=g}
   (You took it off a spriggan defender on level 2 of the Depths)
Armour
 s - the +0 mask of the Dragon (worn) {Will+ Slay+3 SInv}
   (You acquired it on level 4 of the Shoals)

   Slay:      It affects your accuracy & damage with ranged weapons and melee
   (+3).
   SInv:      It lets you see invisible.
   Will:      It increases your willpower.
 t - a scarf of repulsion (worn)
   (You found it on level 3 of the Dungeon)
 X - a +4 troll leather armour (worn)
   (You found it on level 12 of the Dungeon)
Jewellery
 d - the ring "Ubriudan" {rElec rCorr}
   (You found it on level 5 of the Vaults)

   [ring of resist corrosion]

   rElec:     It insulates you from electricity.
   rCorr:     It protects you from acid and corrosion.
 e - the ring of Viuj (left hand) {*Corrode Drain +Blink EV+4 Dex+7}
   (You found it in a Gauntlet)

   [ring of evasion]

   EV:        It affects your evasion (+4).
   Dex:       It affects your dexterity (+7).
   +Blink:    It lets you blink.
   *Corrode:  It may corrode you when you take damage.
   Drain:     It drains your maximum health when unequipped.
 j - an amulet of reflection (around neck)
   (You found it on level 12 of the Dungeon)
 z - a +4 ring of slaying (right hand)
   (You bought it in a shop on level 1 of the Snake Pit)
 E - a ring of protection from fire
   (You found it on level 5 of the Dungeon)
 H - a ring of positive energy
   (You found it on level 8 of the Dungeon)
 I - a ring of flight
   (You found it on level 14 of the Dungeon)
 K - a ring of protection from cold
   (You found it on level 13 of the Dungeon)
Wands
 R - a wand of quicksilver (29)
   (You took it off an orc priest on level 7 of the Dungeon)
 T - a wand of mindburst (32)
   (You found it on level 7 of the Dungeon)
 V - a wand of digging (15)
   (You found it on level 13 of the Dungeon)
 W - a wand of flame (158)
   (You found it on level 8 of the Dungeon)
 Z - a wand of iceblast (20)
   (You found it on level 12 of the Dungeon)
Scrolls
 c - 4 scrolls of silence {!r}
 h - 9 scrolls of magic mapping {!r}
 i - a scroll of blinking {!r}
 n - 35 scrolls of teleportation {@r4}
 o - 12 scrolls of fear
 u - a scroll of summoning
 v - 13 scrolls of fog
 y - 7 scrolls of poison {!r}
 L - 10 scrolls of amnesia
 M - 11 scrolls of enchant armour
 N - 10 scrolls of immolation {!r!r}
 O - 3 scrolls of torment {!r}
 S - 12 scrolls of vulnerability {!r!r}
Potions
 f - 18 potions of mutation {!q}
 g - 8 potions of flight
 k - 29 potions of curing {@q1}
 l - 4 potions of lignification {!q}
 m - 4 potions of heal wounds {@q2}
 r - 5 potions of resistance
 w - 8 potions of magic
 x - 9 potions of might
 A - 5 potions of cancellation
 C - 12 potions of brilliance
 F - 2 potions of invisibility
 G - 6 potions of haste {@q3}
 P - 8 potions of ambrosia
Miscellaneous
 p - a phantom mirror
   (You found it on level 3 of the Snake Pit)
 q - a tin of tremorstones (2/2) {throwing}
   (You found it on level 3 of the Vaults)
 D - a box of beasts
   (You found it on level 4 of the Lair of Beasts)
 Y - a phial of floods
   (You found it on level 12 of the Dungeon)

Dungeon Overview and Level Annotations

Branches:
Dungeon (15/15) Zot: 25068  Temple (1/1) D:6 Zot: 5998    Lair (6/6) D:10 Zot: 24886
 Shoals (4/4) Lair:3 Zot: 19915   Snake (4/4) Lair:4 Zot: 18388   Slime (0/5) Lair:5
    Orc (2/2) D:9 Zot: 10693     Elf (3/3) Orc:2 Zot: 13737  Vaults (5/5) D:13 Zot: 21605
  Crypt (0/3) Vaults:2     Depths (4/4) D:15 Zot: 17256    Hell (visited)
    Zot (5/5) Depths:4 Zot: 22293   Sewer (visited)           IceCv (visited)
Gauntlet (visited)
    Dis: Hell:1         Geh: Hell:1         Coc: Hell:1         Tar: Hell:1

Altars:
Dithmenos
Elyvilon
Fedhas
Gozag
Kikubaaqudgha
Okawaru
Sif Muna
Trog
Wu Jian
Yredelemnul
Zin
Jiyva

Shops:
D:7 *   D:13 *   D:15 :   Orc:2 [(*=   Elf:1 [   Snake:1 *(=[?   Vaults:1 *
Vaults:3 (   Vaults:5 [   Depths:1 :=:   Depths:3 *[*

Portals:
Hell: Depths:1 Depths:2 Depths:3 Depths:4
Abyss: Depths:1 Depths:3 Depths:4
Pandemonium: Depths:2
Ziggurat: Depths:3
Trove: D:13 (give +2 gold dragon scales)

Annotations:
Shoals:3 1 runed translucent door
Snake:3 Saint Roka
Elf:1 exclusion: downstairs
Depths:1 exclusion: downstairs
Hell Geryon
Zot:5 1 runed translucent door, frustraionsimulator's ghost, legendary OgVM

▓▓ ******** .▓▓▓▓ ****,,,,,,,
....▓▓▓ ***,^^,,,,,,, ......▓▓
**,,,.,,,,,,,, .......▓ ▓▓▓▓▓▓▓▓▓
*,,,..,,,,,,,,
.......▓▓▓...9..^▓▓*,,.y.,,,,,,,,
..^X.^.▓▓!........▓▓,....,,,,,,,,
.......▓...9..^....▓.....,,,,,,,,
.X.X..9..X...0X.@.X.X...§,,,,,,,,
.......▓...X.XXXX.X▓....,,,,,,,,,
.9.....▓▓^.....XyX▓▓,...,,,,,,,,,
...^...▓▓▓....XX.▓▓*,,.,,,,,,,,,,
.......# ▓▓▓▓▓▓▓▓▓ *,,,,,,,,,,,,,
......## **^,^,,,,,,,,, ....▓##
***,,,,,,,,,, .▓▓▓▓ ****,,,,,,,
▓▓▓▓▓# #▓▓▓▓▓▓▓▓▓▓▓


You could see 2 electric golems, 13 Orb Guardians, a friendly tentacled
monstrosity (summoned) and a friendly ghost moth (summoned, invisible).


Message History

You hear an explosion!
The Orb Guardian hits you!!!
* * * LOW HITPOINT WARNING * * *
You emit a cloud of dark smoke.
The electric golem completely misses you.
You block the electric golem's attack. The electric golem misses you.
You block the electric golem's attack.
You fade into invisibility!
The electric golem completely misses you. x4
An Orb Guardian comes into view.
The electric golem closely misses you.
The electric golem completely misses you.
The electric golem misses you. The electric golem closely misses you.
The Orb Guardian misses you.
The electric golem hurls lightning at you.
The bolt of lightning misses you.
The electric golem hurls lightning at you.
The bolt of lightning misses you.
An Orb Guardian comes into view.
The electric golem blinks!
An Orb Guardian comes into view. 2 Orb Guardians come into view.
Unknown command.
An Orb Guardian comes into view.
The Orb Guardian enters a dispersal trap!
The Orb Guardian blinks! x7
You blink.
The Orb Guardian blinks!
The Orb Guardian pulls the alarm!
The alarm trap emits a blaring wail!
A sentinel's mark forms upon you.
You hear a deafening roar! x2; You hear a shout! x2
The Orb Guardian completely misses you.
An electric golem comes into view.
Unknown command.
The Orb Guardian completely misses you.
An Orb Guardian comes into view.
The Orb Guardian enters a dispersal trap!
The Orb Guardian blinks! x11
You blink.
The Orb Guardian blinks!
Casting: Discord (dangerous; 1% risk of failure)
Confirm with . or Enter, or press ? or * to list all spells.
Aiming: Apportation (safe; 0% risk of failure)
Press: ? - help, Dir - move target Apport: the Orb of Zot The Orb shrieks and becomes a dead weight against your magic!
The electric golem crackles and sizzles.
The Orb Guardian misses you.
Unknown command.
An Orb Guardian comes into view.
The electric golem enters a dispersal trap!
The Orb Guardian blinks! x10
You blink.
The Orb Guardian moves out of view.
The Orb Guardian hits you!
* * * LOW HITPOINT WARNING * * *
You block the electric golem's attack.
The electric golem completely misses you. x3
The Orb Guardian enters a dispersal trap!
The Orb Guardian blinks! x3; The electric golem blinks!
The Orb Guardian blinks! x3
The Orb Guardian enters a dispersal trap!
The Orb Guardian blinks! x5
You blink.
The Orb Guardian blinks! x2; The electric golem blinks!
The Orb Guardian blinks! x2
You blink.
The Orb Guardian blinks!
The Orb Guardian enters a dispersal trap!
The Orb Guardian blinks! x3; The electric golem blinks!
The Orb Guardian blinks! x4
You blink.
The Orb Guardian blinks!
The Orb Guardian hits you.
* * * LOW HITPOINT WARNING * * *
Unknown command.
Really attack while wielding your +8 vorpal arbalest {crossbow}? [Y]es or [N]o only, please.
Really attack while wielding your +8 vorpal arbalest {crossbow}?
Okay, then.
Unknown command.
The Orb Guardian misses you.
The electric golem blinks!
The Orb Guardian closely misses you. You block the Orb Guardian's attack.
An electric golem and a moth of wrath come into view.
Unknown command.
The Orb Guardian completely misses you.
An Orb Guardian comes into view.
As you read the scroll of summoning, it crumbles to dust.
Wisps of shadow whirl around you...
The electric golem blinks!
The moth of wrath goads the Orb Guardian on!
The Orb Guardian goes berserk!
The Orb Guardian hits you!!
* * * LOW HITPOINT WARNING * * *
The Orb Guardian completely misses you.
A moth of wrath comes into view.
You swap places.
The electric golem blinks! x2; The Orb Guardian hits you!!
* * * LOW HITPOINT WARNING * * *
The Orb Guardian barely misses your ghost moth.
The Orb Guardian hits your ghost moth.
The electric golem hurls lightning at you.
The bolt of lightning hits you!!
You die...

Skill      XL: |  1  2  3  4  5  6  7  8  9 10 11 12 13 14 15 16 17 18 19 20 21 22 23 24 25 |
---------------+----------------------------------------------------------------------------+-----
Ranged Weapons | 5 6 7 8 10 14 15 16 18 15 | 15.3
Fighting       | 7 10 11 13 15 16 | 16.7
Dodging        | 7 8 10 11 13 15 17 | 17.2
Stealth        | 8 10 11 14 17 19 | 19.2
Spellcasting   | 3 4 8 9 12 14 15 | 15.5
Hexes          | 3 8 14 19 22 23 24 25 27 | 27.0
Translocations | 4 9 10 18 21 25 27 | 27.0
Transmutations | 7 |  7.0
Summonings     | 5 7 10 11 13 14 16 | 16.0

Action                   |  1- 3 |  4- 6 |  7- 9 | 10-12 | 13-15 | 16-18 | 19-21 | 22-24 | 25-27 || total
-------------------------+-------+-------+-------+-------+-------+-------+-------+-------+-------++-------
Melee: Shortbow          |     1 |       |       |       |       |       |       |       |       ||     1
       Quick blade       |       |       |       |       |       |       |       |       |     1 ||     1
       Kick              |       |       |       |       |       |       |       |       |     1 ||     1
 Fire: Shortbow          |   129 |   186 |   111 |       |       |       |     9 |    35 |       ||   470
       Sling             |       |       |   122 |    88 |    12 |       |       |       |       ||   222
       Arbalest          |       |       |       |   351 |  1111 |  1337 |  1381 |  1228 |   186 ||  5594
       Hand crossbow     |       |       |       |       |       |       |       |   103 |       ||   103
 Cast: Yara's Violent Un |       |       |       |       |     5 |    13 |    22 |    14 |     3 ||    57
       Enfeeble          |       |       |       |       |       |    32 |    49 |    77 |    24 ||   182
       Blink             |       |       |       |       |       |     2 |     1 |     3 |       ||     6
       Portal Projectile |       |       |       |       |       |     1 |       |     1 |     1 ||     3
       Tukima's Dance    |       |       |       |       |       |     7 |     1 |     1 |       ||     9
       Malign Gateway    |       |       |       |       |       |       |    16 |    47 |    21 ||    84
       Discord           |       |       |       |       |       |       |    18 |    68 |    34 ||   120
       Apportation       |       |       |       |       |       |       |       |       |     1 ||     1
  Use: Scroll            |       |    15 |     8 |     5 |    19 |     3 |    10 |     7 |     4 ||    71
       Potion            |       |       |     2 |     1 |     5 |     2 |     5 |     4 |     8 ||    27
 Stab: Sleeping          |       |       |       |       |       |       |       |       |     1 ||     1
Armor: Robe              |     8 |     5 |     1 |     1 |       |       |       |       |       ||    15
       Troll leather arm |       |       |       |     2 |    28 |     6 |    13 |    22 |     4 ||    75
       Steam dragon scal |       |       |       |     2 |       |       |       |       |       ||     2
Dodge: Dodged            |    63 |    49 |    18 |   118 |   543 |   429 |   380 |   574 |   199 ||  2373
       Repelled          |       |       |       |     7 |     6 |    36 |    13 |    20 |     4 ||    86
Block: Other             |       |       |       |     1 |   101 |    75 |    86 |    80 |    27 ||   370
       Reflection        |       |       |       |       |     5 |    35 |    32 |    16 |       ||    88

Levels and vault maps discovered:
D:1:      dpeg_cavernosity, layout_loops_ring,
          shapermc_ecumenical_altar_mp_highgroup, nrook_campfire
D:2:      layout_basic, minmay_lizard_pond
D:3:      layout_loops_ring, mainiacjoe_overflow_alcove_1, uniq_terence
D:4:      minmay_inner_zag, layout_loops_corners, gup_sewer_entry_bowl
D:5:      layout_basic, small_statue_intersection
D:6:      layout_rooms, trog_butcher_becter, mainiacjoe_overflow_catwalk_spiral,
          minmay_temple_entry_junction_2, ebering_ghost_rock_garden,
          minmay_misc_feat_hallway
D:7:      layout_cave_pools, zin_purify, nicolae_concentric_dashed_squares_mild,
          kennysheep_generic_room_10, uniq_crazy_yiuf_cottage
D:8:      layout_loops_corners, lemuel_doored_altar, uniq_pikel,
          uniq_prince_ribbit1
D:9:      layout_gridville, orc_0_dummy
D:10:     layout_basic, yredelemnul_altar_generic, dpeg_lair_monsters
D:11:     layout_basic
D:12:     minmay_the_grid_octo_tiled_squarecenter [minmay_the_grid_octo_77,
          minmay_the_grid_octo_checkerflower, minmay_the_grid_octo_fan_narrow,
          minmay_the_grid_octo_clover_2,
          minmay_the_grid_square_5x5_megaprize_diamond,
          minmay_the_grid_square_5x5_minivault,
          minmay_the_grid_square_5x5_inner_i, minmay_the_grid_square_5x5_corner,
          minmay_the_grid_square_5x5_dogpile], layout_cave_pods, uniq_azrael
D:13:     layout_cave_pools, grunt_vaults_entry_tiered,
          nicolae_trove_entry_free_sample, chequers_serial_rivers_micro_e,
          guppyfry_shop_venom
D:14:     layout_loops_cross, hangedman_decor_growths,
          portal_ice_cave_entry_dragon, amcnicky_mini_pool_small
D:15:     grunt_enter_depths_hoard, layout_loops_ring, serial_shops,
          nicolae_shop_stone, nicolae_sextant, grunt_decor_fettered
Temple:   bh_familiar_temple
Lair:1:   layout_gridlike, chequers_serial_rivers_small_b
Lair:2:   layout_roguey
Lair:3:   layout_chaotic_city, elwin_shoals_entry_rooms, guppyfry_lair_drakes,
          uniq_snorg
Lair:4:   regret_index_wax_grids, layout_cave_pods,
          minmay_snake_entry_guardpost_small, gauntlet_entry_generic,
          st_stairs_6
Lair:5:   layout_cave_pods, slime_entry_1, infiniplex_staircase_pool
Lair:6:   wormcave, layout_regular_city, hangedman_lair_tendril_chambers,
          uniq_kirke
Shoals:1: layout_shoals, uniq_roxanne, uniq_nikola
Shoals:2: layout_shoals, hellmonk_ghost_happy_afterlife
Shoals:3: nicolae_shoals_lighthouse, layout_shoals,
          nicolae_shoals_square_sea_wall, nicolae_shoals_enchanted_isle
Shoals:4: shoals_end_grunt_ice, layout_shoals
Snake:1:  hangedman_cross_stitches, layout_grid_maze, serial_shops,
          nicolae_diamond_shop, nicolae_diamond_shop, shop, shop, shop,
          uniq_agnes
Snake:2:  layout_chambers, gammafunk_ghost_arena, serial_shops, bzr_entry_islet,
          grunt_megastairs_3, uniq_frances
Snake:3:  nicolae_snake_shooting_gallery, layout_concentric_octagons,
          st_stairs_13, chequers_hall_statues_corner_a, uniq_vashnia,
          uniq_saint_roka
Snake:4:  johnstein_snake_rune_scales, layout_cave_town, grunt_ministairs_9
Orc:1:    layout_diamond_mine
Orc:2:    grunt_orc_gardens, layout_caves, grunt_orc_garden, grunt_orc_garden,
          grunt_orc_garden, grunt_orc_garden, kennysheep_orc_sif_temple,
          uniq_sonja, uniq_donald
Elf:1:    layout_loops_corners, serial_shops, nicolae_diamond_shop,
          minmay_elf_demonology, dk_noncrumbling_2, uniq_asterion
Elf:2:    nicolae_elf_blades_crystal_corner, layout_gridlike,
          einodemon_armed_red_devil_minivault
Elf:3:    grunt_elf_hall_asides, layout_rooms, ebering_ghost_inner_flame,
          amcnicky_mini_corridor_feature
Vaults:1: nicolae_vaults_ninety_degrees, nicolae_vaults_network_quinsquares
          [nicolae_vaults_network_quincunx_subvault,
          nicolae_vaults_network_quincunx_subvault,
          nicolae_vaults_network_quincunx_subvault,
          nicolae_vaults_network_quincunx_subvault], hangedman_vaults_pinch,
          vaults_room_grunt_arrival_ludios, v_misc_5,
          nicolae_vaults_border_crossing, nicolae_vaults_circle_grid_b,
          ontoclasm_vaults_misaligned, v_misc_22, vaults_room_semicircle,
          layout_vaults_omnicross, serial_shops, nicolae_diamond_shop
Vaults:2: minmay_crypt_entry_simple_corners, sword_in_stone,
          nicolae_vaults_little_squares_1, v_pattern_3, vaults_mumra_minichess,
          ontoclasm_vaults_idyll, vaults_mumra_lcd, hangedman_vaults_impose,
          nicolae_vaults_ring_of_whatevers, nicolae_vaults_ring_of_whatevers,
          v_misc_11, v_rooms_1, layout_vaults_big_room
Vaults:3: st_smaller_cells, hangedman_vaults_river_flow, vaults_mumra_chevron,
          nicolae_vaults_alarming, ontoclasm_vaults_chip,
          vaults_room_stairs_pillars, layout_vaults_quadrants, serial_shops,
          shop
Vaults:4: ontoclasm_vaults_fault, grunt_vaults_funnel,
          nicolae_vaults_windows_and_doors_thing, vaults_room_large_hall,
          v_misc_1, v_alt_pattern_6, vaults_room_hallway,
          vaults_mumra_minichess_inversion, vaults_dpeg_spiral,
          vaults_room_stairs_pillars, ontoclasm_vaults_decontamination,
          vaults_mumra_hex, nicolae_vaults_little_squares_1, layout_vaults_ring,
          serial_shops, bzr_entry_safe
Vaults:5
Depths:1: layout_honeycomb, abyss_entry, elyvilon_altar_5, hell_entry,
          dk_noncrumbling_3, dk_noncrumbling_4, hangedman_decor_clover_reticule,
          nicolae_kikubaaqudgha_miasma_corner, minmay_shop_grove
Depths:2: minmay_quantized_circle, layout_cave_shapes, grunt_pan_entry_zigzag,
          hell_entry
Depths:3: dpeg_oklob_gauntlet, layout_cross, enter_ziggurat_e,
          minmay_door_square, nicolae_abyss_entry_one_way_or_another,
          hellmouth_1, grunt_gozag_breadcrumbs, minmay_shop_star
Depths:4: grunt_zot_entry_pinwheel, layout_gridlike, minmay_room_of_horrors,
          grunt_hell_entry_dis_grunt, minivault_16, drop_trap
Hell
Zot:1:    cheibrodos_zot_enchanting_chambers, layout_cathedral_of_symmetry,
          grunt_megastairs_5
Zot:2:    kennysheep_blocky_hall, layout_cellular_growth, uniq_grunn
Zot:3:    layout_gridlike
Zot:4:    layout_gridville
Zot:5:    layout_cathedral_of_symmetry, hellmonk_ghost_big_iron

Notes
Turn   | Place    | Note
-------+----------+-------------------------------------------
     0 | D:1      | Sobieck the Spriggan Hunter began the quest for the Orb.
     0 | D:1      | Reached XP level 1. HP: 10/10 MP: 2/2
    18 | D:1      | You add the spells Sting, Poisonous Vapours and Olgreb's
                  | Toxic Radiance to your library.
   227 | D:1      | Upgraded the game from 0.29-a0-723-gce39da1c22 to
                  | 0.29-a0-732-g3d7fbe0af2
   292 | D:1      | Reached skill level 5 in Ranged Weapons
   388 | D:1      | Reached XP level 2. HP: 11/14 MP: 3/3
   452 | D:1      | Found a faded altar of an unknown god.
   901 | D:1      | Reached skill level 6 in Ranged Weapons
   904 | D:1      | Reached XP level 3. HP: 12/18 MP: 4/4
  1455 | D:2      | You pick up a book of Armaments and begin reading...
  1455 | D:2      | You add the spells Stone Arrow, Animate Armour and
                  | Lehudib's Crystal Spear to your library.
  1640 | D:2      | Identified the +3 leather armour of Lies {rElec Str+2}
  1732 | D:2      | Reached XP level 4. HP: 22/22 MP: 5/5
  2135 | D:3      | Reached skill level 7 in Ranged Weapons
  2342 | D:3      | Found a blossoming altar of Fedhas.
  2488 | D:3      | Noticed Terence
  2495 | D:3      | Killed Terence
  2496 | D:3      | Reached XP level 5. HP: 25/25 MP: 6/6
  2607 | D:3      | You pick up a book of Weapons and begin reading...
  2607 | D:3      | You add the spells Tukima's Dance, Portal Projectile and
                  | Blade Hands to your library.
  2932 | D:4      | Found a glowing drain.
  2936 | Sewer    | Entered a sewer
  2957 | Sewer    | Reached skill level 8 in Ranged Weapons
  3258 | Sewer    | Reached XP level 6. HP: 30/30 MP: 7/7
  3259 | Sewer    | Found a viscous altar of Jiyva.
  3388 | D:4      | Reached skill level 9 in Ranged Weapons
  3401 | D:4      | Identified a scroll of acquirement
  3401 | D:4      | Acquired the +0 cloak "Nugunt" {rF+}
  4097 | D:4      | Reached skill level 10 in Ranged Weapons
  4152 | D:4      | Reached XP level 7. HP: 33/33 MP: 8/8
  4152 | D:4      | Identified 2 potions of experience
  4153 | D:4      | Reached skill level 7 in Fighting
  4153 | D:4      | Reached skill level 14 in Ranged Weapons
  4153 | D:4      | Reached XP level 8. HP: 47/47 MP: 9/9
  4154 | D:4      | Reached skill level 15 in Ranged Weapons
  4154 | D:4      | Reached skill level 7 in Dodging
  4154 | D:4      | Reached skill level 8 in Stealth
  4154 | D:4      | Reached XP level 9. HP: 51/51 MP: 10/10
  4529 | D:5      | Entered Level 5 of the Dungeon
  4681 | D:5      | You pick up a book of Misfortune and begin reading...
  4681 | D:5      | You add the spells Confusing Touch, Yara's Violent
                  | Unravelling and Enfeeble to your library.
  4748 | D:5      | Reached skill level 1 in Spellcasting
  5004 | D:5      | You pick up a book of Iron and begin reading...
  5342 | D:6      | Reached skill level 2 in Spellcasting
  5386 | D:6      | Found an iron altar of Okawaru.
  5395 | D:6      | Found a shadowy altar of Dithmenos.
  5437 | D:6      | Became a worshipper of Dithmenos the Shadowed
  5495 | D:6      | Identified the +6 sling "Oruaggoaje" {freeze, Fly rElec
                  | MP+9 Dex-2}
  5567 | D:6      | Found a staircase to the Ecumenical Temple.
  5662 | D:6      | Found a bloodstained altar of Trog.
  5700 | D:6      | Found a runed translucent gate.
  5700 | D:6      | Found a runed translucent gate.
  5701 | D:6      | Found a runed translucent gate.
  5872 | D:6      | Noticed freelancePsychic's ghost (novice DrAM)
  5928 | Temple   | Entered the Ecumenical Temple
  5988 | D:7      | Found a runed translucent door.
  5989 | D:7      | Noticed Crazy Yiuf
  6020 | D:7      | Reached skill level 3 in Spellcasting
  6119 | D:7      | Reached skill level 16 in Ranged Weapons
  6127 | D:7      | You pick up a book of Spatial Translocations and begin
                  | reading...
  6127 | D:7      | You add the spells Blink, Lesser Beckoning and Manifold
                  | Assault to your library.
  6165 | D:7      | Found Zin's Purification Station.
  6168 | D:7      | Found a glowing silver altar of Zin.
  6249 | D:7      | Reached * piety under Dithmenos
  6682 | D:7      | Killed Crazy Yiuf
  6893 | D:8      | Reached XP level 10. HP: 51/56 MP: 16/16
  7355 | D:8      | Found an ornate altar of the Wu Jian Council.
  7372 | D:8      | You pick up a book of Blood and begin reading...
  7372 | D:8      | You add the spells Sublimation of Blood, Wereblood and
                  | Summon Hydra to your library.
  7439 | D:8      | Noticed Pikel
  7484 | D:8      | Killed Pikel
  7607 | D:8      | You pick up a book of Winter and begin reading...
  7607 | D:8      | You add the spells Ozocubu's Armour, Metabolic Englaciation
                  | and Simulacrum to your library.
  7646 | D:8      | Noticed Prince Ribbit
  7650 | D:8      | Killed Prince Ribbit
  8079 | D:9      | Noticed a two-headed ogre
  8082 | D:9      | Killed a two-headed ogre
  8082 | D:9      | Reached ** piety under Dithmenos
  8083 | D:9      | Reached skill level 17 in Ranged Weapons
  8408 | D:9      | Found a staircase to the Orcish Mines.
  8633 | D:9      | Noticed a two-headed ogre
  8637 | D:9      | Killed a two-headed ogre
  8920 | D:10     | Entered Level 10 of the Dungeon
  9382 | D:10     | Noticed a two-headed ogre
  9386 | D:10     | Killed a two-headed ogre
  9387 | D:10     | Reached skill level 18 in Ranged Weapons
  9387 | D:10     | Reached XP level 11. HP: 60/60 MP: 17/17
  9646 | D:10     | Noticed a death yak
  9680 | D:10     | Killed a death yak
  9681 | D:10     | Reached skill level 8 in Fighting
  9701 | D:10     | Noticed a death yak
  9701 | D:10     | Noticed a death yak
  9704 | D:10     | Noticed a death yak
  9705 | D:10     | Noticed a death yak
  9718 | D:10     | Killed a death yak
  9727 | D:10     | Killed a death yak
  9746 | D:10     | Killed a death yak
  9747 | D:10     | Reached skill level 9 in Fighting
  9771 | D:10     | Killed a death yak
  9871 | D:10     | Found a staircase to the Lair.
 10032 | D:10     | Found a basalt altar of Yredelemnul.
 11021 | D:11     | Reached skill level 10 in Fighting
 11024 | D:11     | Learned a level 2 spell: Blink
 11028 | D:11     | Learned a level 3 spell: Portal Projectile
 11032 | D:11     | Learned a level 3 spell: Tukima's Dance
 11038 | D:11     | Learned a level 5 spell: Yara's Violent Unravelling
 11280 | D:11     | Noticed a boulder beetle
 11292 | D:11     | Killed a boulder beetle
 11293 | D:11     | Reached skill level 4 in Spellcasting
 11293 | D:11     | Reached skill level 1 in Hexes
 11293 | D:11     | Reached skill level 1 in Translocations
 11295 | D:11     | Reached skill level 2 in Hexes
 11295 | D:11     | Reached skill level 2 in Translocations
 11362 | D:11     | Reached *** piety under Dithmenos
 11535 | D:11     | Noticed a two-headed ogre
 11539 | D:11     | Killed a two-headed ogre
 11540 | D:11     | Reached skill level 8 in Dodging
 11540 | D:11     | Reached skill level 3 in Translocations
 11881 | D:12     | Reached skill level 3 in Hexes
 11931 | D:12     | Noticed a two-headed ogre
 11942 | D:12     | Killed a two-headed ogre
 11943 | D:12     | Reached skill level 4 in Translocations
 11943 | D:12     | Reached XP level 12. HP: 67/67 MP: 19/19
 12040 | D:12     | Noticed a two-headed ogre
 12046 | D:12     | Killed a two-headed ogre
 12047 | D:12     | Reached skill level 4 in Hexes
 12047 | D:12     | Reached skill level 5 in Translocations
 12150 | D:12     | Reached skill level 9 in Dodging
 12310 | D:12     | Identified the +7 quarterstaff of Terror {venom, Contam
                  | Will+ Dex+5 Stlth+}
 12428 | D:12     | Noticed a two-headed ogre
 12441 | D:12     | Killed a two-headed ogre
 12442 | D:12     | Reached skill level 5 in Hexes
 12442 | D:12     | Reached skill level 6 in Translocations
 12621 | D:12     | Noticed an ogre mage
 12626 | D:12     | Noticed a centaur warrior
 12630 | D:12     | Killed a centaur warrior
 12631 | D:12     | Killed an ogre mage
 12632 | D:12     | Reached skill level 10 in Dodging
 12633 | D:12     | Noticed a rakshasa
 12655 | D:12     | Killed a rakshasa
 12656 | D:12     | Reached skill level 6 in Hexes
 12656 | D:12     | Reached skill level 7 in Translocations
 12716 | D:12     | Noticed a death knight
 12719 | D:12     | Killed a death knight
 12771 | D:12     | Reached skill level 8 in Translocations
 12803 | D:12     | Reached skill level 7 in Hexes
 12806 | D:12     | Noticed a five-headed hydra
 12809 | D:12     | Killed a five-headed hydra
 12900 | D:12     | Noticed a two-headed ogre
 12921 | D:12     | Killed a two-headed ogre
 12921 | D:12     | Reached **** piety under Dithmenos
 12922 | D:12     | Reached skill level 9 in Translocations
 12988 | D:12     | Reached skill level 8 in Hexes
 12990 | D:12     | Reached XP level 13. HP: 72/72 MP: 20/20
 13097 | D:12     | Reached skill level 10 in Translocations
 13176 | D:12     | Reached skill level 9 in Hexes
 13424 | D:12     | Noticed Azrael
 13640 | Lair:1   | Entered Level 1 of the Lair of Beasts
 13732 | Lair:1   | Reached skill level 10 in Hexes
 13829 | Lair:1   | You pick up a book of Cantrips and begin reading...
 13829 | Lair:1   | You add the spells Necrotize, Summon Small Mammal and
                  | Apportation to your library.
 14125 | Lair:1   | Reached skill level 11 in Hexes
 14142 | Lair:1   | Learned a level 7 spell: Enfeeble
 14699 | Lair:2   | Reached skill level 12 in Hexes
 14736 | Lair:2   | Reached ***** piety under Dithmenos
 15231 | Lair:3   | Noticed Snorg
 15235 | Lair:3   | Killed Snorg
 15287 | Lair:2   | Reached skill level 13 in Hexes
 15789 | Lair:3   | Found a staircase to the Shoals.
 16058 | Lair:4   | Reached skill level 14 in Hexes
 16089 | Lair:4   | Found a staircase to the Snake Pit.
 16213 | Lair:4   | Found a gate leading to a gauntlet.
 16216 | Lair:4   | Reached XP level 14. HP: 77/77 MP: 21/21
 16245 | Gauntlet | Entered a Gauntlet
 16245 | Gauntlet | Found a transporter.
 16245 | Gauntlet | Found a transporter.
 16249 | Gauntlet | Found a transporter.
 16253 | Gauntlet | Found a transporter.
 16261 | Gauntlet | Found a transporter.
 16276 | Gauntlet | Found a transporter.
 16284 | Gauntlet | Found a transporter.
 16284 | Gauntlet | Found a transporter.
 16317 | Gauntlet | Found a transporter.
 16327 | Gauntlet | Found a transporter.
 16387 | Gauntlet | Found a transporter.
 16403 | Gauntlet | Found a transporter.
 16419 | Gauntlet | Found a transporter.
 16433 | Gauntlet | Found a transporter.
 16538 | Gauntlet | Found a transporter.
 16563 | Gauntlet | Found a transporter.
 16790 | Gauntlet | Reached skill level 15 in Hexes
 16873 | Gauntlet | Identified the ring of Viuj {*Corrode Drain +Blink EV+4
                  | Dex+7}
 17444 | Lair:4   | Reached skill level 16 in Hexes
 17720 | Lair:4   | Reached ****** piety under Dithmenos
 18047 | Lair:4   | Reached skill level 17 in Hexes
 18899 | Lair:5   | You pick up a book of Displacement and begin reading...
 18899 | Lair:5   | You add the spells Gell's Gravitas and Teleport Other to
                  | your library.
 18932 | Lair:5   | Found a viscous altar of Jiyva.
 18932 | Lair:5   | Found a staircase to the Slime Pits.
 19150 | Lair:5   | You fall into a shaft and drop 1 floor!
 19150 | Lair:6   | Entered Level 6 of the Lair of Beasts
 19254 | Lair:5   | Acquired 715 gold pieces
 19499 | Lair:6   | Noticed Kirke
 19507 | Lair:6   | Reached skill level 18 in Hexes
 19621 | Lair:6   | Killed Kirke
 19816 | Lair:6   | Reached skill level 19 in Hexes
 19860 | Lair:6   | Reached XP level 15. HP: 80/80 MP: 22/22
 19880 | Lair:6   | You add the spells Borgnjor's Revivification, Necromutation
                  | and Death's Door to your library.
 20178 | Lair:6   | Found a runed translucent door.
 20419 | Lair:6   | Paralysed by a hornet for 2 turns
 20429 | Lair:6   | Reached skill level 20 in Hexes
 20565 | Lair:6   | Reached skill level 9 in Stealth
 20765 | Lair:6   | Reached skill level 10 in Stealth
 21086 | Orc:1    | Entered Level 1 of the Orcish Mines
 21212 | Orc:2    | Entered Level 2 of the Orcish Mines
 21212 | Orc:2    | Noticed Sonja
 21217 | Orc:2    | Killed Sonja
 21245 | Orc:2    | Noticed an orc warlord
 21257 | Orc:1    | Killed an orc warlord
 21411 | Orc:2    | Noticed an orc warlord
 21442 | Orc:1    | HP: 13/80 [orc warrior/+0 war axe (16)]
 21575 | D:9      | Killed an orc warlord
 21653 | Orc:2    | Noticed Donald
 21690 | D:9      | Killed Donald
 21946 | Orc:1    | Reached skill level 21 in Hexes
 22047 | Orc:2    | Found Jujoluikka's Jewellery Shop.
 22062 | Orc:2    | Found Rofiuhuh's Antique Weapon Emporium.
 22183 | Orc:2    | Found Maurchad's General Store.
 22216 | Orc:2    | Found Quteppau's Antique Armour Emporium.
 22389 | Orc:2    | Found a staircase to the Elven Halls.
 22476 | Orc:2    | Found a shimmering blue altar of Sif Muna.
 22776 | D:12     | Killed Azrael
 23324 | D:13     | Found a portal to a secret trove of treasure.
 23332 | D:13     | This trove needs +2 gold dragon scales to function. Give it
                  | the item?
 23384 | D:13     | Found Miol's Serpentskin Sales.
 23609 | D:13     | Reached skill level 22 in Hexes
 23706 | D:13     | Found a gate to the Vaults.
 23959 | D:14     | Found a frozen archway.
 23972 | IceCv    | Entered an ice cave
 24010 | IceCv    | Reached XP level 16. HP: 76/85 MP: 23/23
 24093 | IceCv    | HP: 9/85 [ironbound frostheart/creeping frost (16)]
 24382 | IceCv    | Reached skill level 23 in Hexes
 24382 | IceCv    | Reached skill level 1 in Transmutations
 24394 | IceCv    | Reached skill level 2 in Transmutations
 24417 | IceCv    | Reached skill level 3 in Transmutations
 24526 | IceCv    | Reached skill level 4 in Transmutations
 24574 | IceCv    | Reached skill level 5 in Transmutations
 24732 | IceCv    | Reached skill level 6 in Transmutations
 24985 | IceCv    | Reached skill level 7 in Transmutations
 25629 | D:14     | You fall into a shaft and drop 1 floor!
 25629 | D:15     | Entered Level 15 of the Dungeon
 26017 | D:15     | Found Aqynezef's Book Shop.
 26025 | D:15     | Bought a manual of Ranged Weapons for 1200 gold pieces
 26025 | D:15     | Bought a Grand Grimoire for 510 gold pieces
 26025 | D:15     | You add the spells Malign Gateway and Summon Horrible
                  | Things to your library.
 26067 | D:15     | Reached skill level 5 in Spellcasting
 26117 | D:15     | Found a staircase to the Depths.
 26298 | D:15     | Reached skill level 6 in Spellcasting
 26328 | D:15     | Reached skill level 7 in Spellcasting
 26562 | D:15     | Learned a level 7 spell: Malign Gateway
 26814 | Shoals:1 | Entered Level 1 of the Shoals
 26868 | Snake:1  | Entered Level 1 of the Snake Pit
 26936 | Snake:1  | Reached skill level 1 in Summonings
 27054 | Snake:1  | Reached skill level 8 in Spellcasting
 27054 | Snake:1  | Reached skill level 2 in Summonings
 27128 | Snake:1  | Found Byenwi Woxt's Weapon Boutique.
 27136 | Snake:1  | Found Zikhla's Jewellery Shoppe.
 27146 | Snake:1  | Bought a +4 ring of slaying for 1170 gold pieces
 27203 | Snake:1  | Reached skill level 3 in Summonings
 27276 | Snake:1  | Found Ushrae's General Store.
 27281 | Snake:1  | Bought 2 scrolls of fear for 112 gold pieces
 27281 | Snake:1  | Bought a +2 hat for 256 gold pieces
 27328 | Snake:1  | Found Utiakhao's Armour Shoppe.
 27335 | Snake:1  | You pick up a book of Chaos and begin reading...
 27335 | Snake:1  | You add the spells Conjure Ball Lightning, Disjunction and
                  | Discord to your library.
 27362 | Snake:1  | Found Bocw's Magic Scroll Shop.
 27396 | Snake:1  | Noticed Agnes
 27405 | Snake:1  | Killed Agnes
 27636 | Snake:1  | Reached skill level 4 in Summonings
 28200 | Snake:2  | Reached skill level 5 in Summonings
 28203 | Snake:2  | Found a transporter.
 28237 | Snake:2  | Noticed Itub's ghost (adept GrFi)
 28238 | Snake:2  | Found a transporter.
 28497 | Snake:2  | Reached XP level 17. HP: 89/89 MP: 30/30
 28523 | Snake:2  | Reached skill level 11 in Translocations
 28826 | Snake:2  | Reached skill level 12 in Translocations
 29132 | Snake:2  | Reached skill level 13 in Translocations
 29265 | Snake:2  | Reached skill level 14 in Translocations
 29370 | Snake:2  | Found a flickering gateway to a bazaar.
 29373 | Snake:2  | Noticed Frances
 29381 | Snake:2  | Killed Frances
 29393 | Bazaar   | Entered a bazaar
 29393 | Bazaar   | Found Orohyur's Antique Weapon Boutique.
 29393 | Bazaar   | Found Nacal's Armour Shop.
 29393 | Bazaar   | Found Memai's Armour Shop.
 29401 | Bazaar   | Identified the +7 chain mail "Nevikokh" {Int+3}
 29712 | Snake:3  | Noticed Saint Roka
 29721 | Snake:3  | HP: 18/89 [Saint Roka/divine providence (13)]
 30105 | Snake:3  | You pick up a book of the Tundra and begin reading...
 30105 | Snake:3  | You add the spells Hailstorm and Ice Form to your library.
 30474 | Snake:3  | Reached skill level 6 in Summonings
 30837 | Snake:3  | You pick up a book of Burglary and begin reading...
 30837 | Snake:3  | You add the spells Passwall, Ensorcelled Hibernation and
                  | Swiftness to your library.
 30848 | Snake:3  | Noticed Vashnia
 30895 | Snake:3  | Reached skill level 7 in Summonings
 30911 | Snake:3  | Killed Vashnia
 31213 | Snake:4  | Entered Level 4 of the Snake Pit
 31246 | Snake:4  | You pick up a book of Necromancy and begin reading...
 31246 | Snake:4  | You add the spells Vampiric Draining and Agony to your
                  | library.
 31373 | Snake:4  | Reached skill level 15 in Translocations
 31686 | Snake:4  | Reached skill level 16 in Translocations
 31813 | Snake:4  | Identified a +2 robe of the Archmagi
 32319 | Snake:4  | Reached skill level 17 in Translocations
 32928 | Snake:4  | Reached skill level 18 in Translocations
 32933 | Snake:4  | Reached XP level 18. HP: 93/93 MP: 21/31
 33031 | Snake:4  | HP: 23/93 [salamander tyrant (43)]
 33215 | Snake:4  | Reached skill level 8 in Summonings
 33496 | Snake:4  | Reached skill level 19 in Translocations
 33675 | Snake:4  | Got a serpentine rune of Zot
 33933 | Shoals:1 | Noticed Nikola
 33953 | Shoals:1 | Killed Nikola
 34070 | Shoals:1 | Noticed Roxanne
 34082 | Shoals:1 | Killed Roxanne
 34088 | Shoals:1 | You pick up a book of Sloth and begin reading...
 34088 | Shoals:1 | You add the spells Petrify and Statue Form to your library.
 34106 | Shoals:1 | You pick up a book of Air and begin reading...
 34106 | Shoals:1 | You add the spells Shock and Airstrike to your library.
 34750 | Shoals:2 | Reached skill level 9 in Summonings
 34792 | Shoals:2 | Upgraded the game from 0.29-a0-732-g3d7fbe0af2 to
                  | 0.29-a0-757-g358383bc75
 34858 | Shoals:2 | Found a runed translucent door.
 34918 | Shoals:2 | Noticed buhh's ghost (adept OpTm)
 35078 | Shoals:2 | Reached skill level 20 in Translocations
 35289 | Shoals:2 | You pick up a book of Misfortune and begin reading...
 35894 | Shoals:3 | Reached skill level 21 in Translocations
 36314 | Shoals:3 | Reached skill level 10 in Summonings
 36334 | Shoals:3 | Found the +5 robe of Misfortune {Harm *Corrode *Slow EV+5}
 36340 | Shoals:3 | You pick up a book of Misfortune and begin reading...
 36638 | Shoals:4 | Entered Level 4 of the Shoals
 36649 | Shoals:4 | You pick up a book of Weapons and begin reading...
 36708 | Shoals:4 | Reached XP level 19. HP: 52/98 MP: 32/32
 36822 | Shoals:3 | Identified a +1 robe of the Archmagi
 36822 | Shoals:3 | Found a runed translucent door.
 37011 | Shoals:4 | Reached skill level 22 in Translocations
 37029 | Shoals:4 | You add the spells Corpse Rot and Death Channel to your
                  | library.
 37029 | Shoals:4 | Got the Volume of Evil Venom
 37498 | Shoals:4 | Upgraded the game from 0.29-a0-757-g358383bc75 to
                  | 0.29-a0-789-g7a8fcbc185
 37531 | Shoals:4 | Got a barnacled rune of Zot
 37634 | Shoals:4 | Acquired the +0 mask of the Dragon {Will+ Slay+3 SInv}
 37634 | Shoals:4 | Found the +0 mask of the Dragon {Will+ Slay+3 SInv}
 37687 | Shoals:4 | HP: 21/98 [poisoned by a sea snake]
 37921 | Shoals:4 | You add the spells Beastly Appendage, Conjure Flame, Sticky
                  | Flame, Lightning Bolt and Fireball to your library.
 37921 | Shoals:4 | Got the Reference Book on Shifting Battle Magic
 38022 | Shoals:4 | Identified the +6 short sword of Conscience {antimagic,
                  | rElec rC++ Int+3}
 38028 | Shoals:4 | Reached skill level 9 in Spellcasting
 38044 | Shoals:4 | Reached skill level 23 in Translocations
 38087 | Shoals:4 | You pick up a book of Rime and begin reading...
 38087 | Shoals:4 | You add the spells Frozen Ramparts and Summon Ice Beast to
                  | your library.
 38613 | Vaults:1 | Entered Level 1 of the Vaults
 38629 | Vaults:1 | Learned a level 8 spell: Discord
 38854 | Vaults:1 | You pick up a book of Dreams and begin reading...
 38854 | Vaults:1 | You add the spells Spider Form and Anguish to your library.
 39123 | Vaults:1 | Reached skill level 11 in Summonings
 39359 | Vaults:1 | You pick up a book of Transfigurations {@e2} and begin
                  | reading...
 39359 | Vaults:1 | You add the spells Irradiate and Dragon Form to your
                  | library.
 39723 | Vaults:1 | Reached skill level 24 in Translocations
 40122 | Vaults:1 | Found Buyhax's General Store.
 40122 | Vaults:1 | Identified the +4 chain mail of the Gate {-Cast rC++ Str+4
                  | Stlth+}
 40127 | Vaults:1 | You pick up a book of Party Tricks and begin reading...
 40415 | Vaults:2 | HP: 14/98 [ironbound thunderhulk/bolt of lightning (20)]
 40575 | Vaults:2 | Reached skill level 25 in Translocations
 40914 | Vaults:2 | Reached XP level 20. HP: 102/102 MP: 34/34
 41373 | Vaults:2 | Noticed Sojobo
 41551 | Vaults:2 | Reached skill level 12 in Summonings
 41685 | Vaults:2 | Killed Sojobo
 42135 | Vaults:2 | Found a staircase to the Crypt.
 42213 | Vaults:2 | Reached skill level 26 in Translocations
 43241 | Snake:1  | Bought the +7 shortbow of Abomination {freeze, rElec rF+
                  | rC+ Int-2} for 1219 gold pieces
 43607 | Vaults:3 | You fall into a shaft and drop 1 floor!
 43897 | Vaults:3 | Reached skill level 24 in Hexes
 44046 | Vaults:3 | Found Cefuotwy's Weapon Emporium.
 44882 | Vaults:3 | Reached skill level 27 in Translocations
 45112 | Vaults:4 | You pick up a book of Weapons and begin reading...
 45700 | Vaults:4 | You pick up a book of Alchemy and begin reading...
 45929 | Vaults:4 | You pick up a book of Armaments and begin reading...
 46009 | Vaults:4 | Reached skill level 13 in Summonings
 46009 | Vaults:4 | Reached XP level 21. HP: 107/107 MP: 35/35
 46631 | Elf:1    | Entered Level 1 of the Elven Halls
 46871 | Elf:1    | HP: 2/107 [eldritch tentacle[the player character] (47)]
 47131 | Elf:1    | Found Xushaitt's Armour Shop.
 47215 | Elf:1    | Noticed Asterion
 47220 | Elf:1    | Killed Asterion
 47561 | Elf:1    | Got the Reference Book on the Escort
 48452 | Elf:2    | HP: 27/108 [+4 dagger (5)]
 48560 | Elf:2    | Found a runed translucent gate.
 48561 | Elf:2    | Found a runed translucent gate.
 48561 | Elf:2    | Found a runed translucent gate.
 48671 | Elf:2    | Reached skill level 11 in Fighting
 49265 | Elf:3    | Entered Level 3 of the Elven Halls
 49372 | Elf:3    | Found a runed translucent door.
 49372 | Elf:3    | Noticed trickyswaf's ghost (adept HOFi)
 49651 | Elf:3    | You pick up a book of Transfigurations {@e2} and begin
                  | reading...
 49979 | Elf:3    | Reached skill level 14 in Summonings
 50115 | Elf:3    | Identified the +1 leather armour of Honour {Contam rC+
                  | MP+9}
 50316 | Elf:3    | Reached skill level 25 in Hexes
 50322 | Elf:3    | a deep elf elementalist comes into view. It is wielding a
                  | +0 long sword and wearing the amulet of the Air {Inacc Air
                  | Fly rElec RMsl}.
 50323 | Elf:3    | Aim: a deep elf elementalist, wielding a +0 long sword,
                  | wearing a +0 leather armour and wearing the amulet of the
                  | Air {Inacc Air Fly rElec RMsl} (wandering, repelling
                  | missiles, hasn't noticed you, umbra)
 50323 | Elf:3    | Aim: a deep elf elementalist, wielding a +0 long sword,
                  | wearing a +0 leather armour and wearing the amulet of the
                  | Air {Inacc Air Fly rElec RMsl} (wandering, repelling
                  | missiles, hasn't noticed you, umbra)
 50549 | Elf:3    | Aim: a deep elf elementalist, wielding a +0 long sword,
                  | wearing a +0 leather armour and wearing the amulet of the
                  | Air {Inacc Air Fly rElec RMsl} (wandering, repelling
                  | missiles, hasn't noticed you, umbra, will inflict weakness
                  | and antimagic, chance to daze and blind: 36%)
 50549 | Elf:3    | Aim: a deep elf elementalist, wielding a +0 long sword,
                  | wearing a +0 leather armour and wearing the amulet of the
                  | Air {Inacc Air Fly rElec RMsl} (wandering, repelling
                  | missiles, hasn't noticed you, umbra, will inflict weakness
                  | and antimagic, chance to daze and blind: 36%)
 50551 | Elf:3    | Aim: a deep elf elementalist, wielding a +0 long sword,
                  | wearing a +0 leather armour and wearing the amulet of the
                  | Air {Inacc Air Fly rElec RMsl} (repelling missiles, weak,
                  | magic disrupted, umbra)
 50552 | Elf:3    | Aim: a deep elf elementalist, wielding a +0 long sword,
                  | wearing a +0 leather armour and wearing the amulet of the
                  | Air {Inacc Air Fly rElec RMsl} (repelling missiles, weak,
                  | magic disrupted, umbra)
 50552 | Elf:3    | Aim: a deep elf elementalist, wielding a +0 long sword,
                  | wearing a +0 leather armour and wearing the amulet of the
                  | Air {Inacc Air Fly rElec RMsl} (repelling missiles, weak,
                  | magic disrupted, umbra)
 50553 | Elf:3    | Aim: a deep elf elementalist, wielding a +0 long sword,
                  | wearing a +0 leather armour and wearing the amulet of the
                  | Air {Inacc Air Fly rElec RMsl} (repelling missiles, weak,
                  | magic disrupted, umbra)
 50553 | Elf:3    | Aim: a deep elf elementalist, wielding a +0 long sword,
                  | wearing a +0 leather armour and wearing the amulet of the
                  | Air {Inacc Air Fly rElec RMsl} (repelling missiles, weak,
                  | magic disrupted, umbra)
 50554 | Elf:3    | Aim: a deep elf elementalist, wielding a +0 long sword,
                  | wearing a +0 leather armour and wearing the amulet of the
                  | Air {Inacc Air Fly rElec RMsl} (almost dead, repelling
                  | missiles, weak, magic disrupted, umbra)
 50554 | Elf:3    | Aim: a deep elf elementalist, wielding a +0 long sword,
                  | wearing a +0 leather armour and wearing the amulet of the
                  | Air {Inacc Air Fly rElec RMsl} (almost dead, repelling
                  | missiles, weak, magic disrupted, umbra)
 50622 | Elf:3    | Identified the +12 hand axe "Peasocoy" {elec, Fly rC+
                  | Will+}
 50994 | Elf:3    | Identified the +5 mace "Vedent" {elec, Int+5 Stlth+}
 51211 | Elf:3    | Identified the +4 scimitar of the Verdant God {pain, Str+3
                  | Dex-2 SInv}
 51301 | Elf:3    | Identified the +1 chain mail of Indecent Exposure {rC+
                  | Dex+5}
 51425 | Elf:3    | Identified a +2 robe of the Archmagi
 51440 | Elf:3    | You pick up a book of Annihilations and begin reading...
 51440 | Elf:3    | You add the spells Chain Lightning, Fire Storm and Shatter
                  | to your library.
 51442 | Elf:3    | You pick up a book of Air and begin reading...
 51464 | Elf:3    | You add the spells Ignite Poison, Mephitic Cloud and
                  | Freezing Cloud to your library.
 52084 | Depths:1 | Entered Level 1 of the Depths
 52088 | Depths:1 | You pick up a book of Vapours and begin reading...
 52093 | Depths:1 | Found a white marble altar of Elyvilon.
 52505 | Depths:1 | Found a one-way gate to the infinite horrors of the Abyss.
 52628 | Depths:1 | Reached XP level 22. HP: 113/114 MP: 36/36
 52702 | Depths:1 | Found an ancient bone altar of Kikubaaqudgha.
 53274 | Depths:1 | Found a gateway to Hell.
 53274 | Depths:1 | Found Cuvaw's Book Shop.
 53275 | Depths:1 | Found Ajirrex's Jewellery Emporium.
 53276 | Depths:1 | Found Raist's Book Shop.
 53737 | Depths:1 | HP: 21/114 [spriggan defender/+0 flail of protection (22)]
 53840 | Depths:1 | Reduced skill Ranged Weapons to level 15
 53840 | Depths:1 | Upgraded the game from 0.29-a0-789-g7a8fcbc185 to
                  | 0.29-a0-802-g34511f41fd
 53971 | Depths:2 | HP: 17/114 [spriggan rider/+0 spear (14)]
 54116 | Depths:2 | U - a +6 quick blade {shortrare=g}
 54199 | Depths:2 | Reached skill level 15 in Summonings
 54327 | Depths:2 | Reached skill level 26 in Hexes
 54744 | Depths:2 | HP: 21/114 [spriggan air mage/the air (18)]
 54749 | Depths:2 | HP: 9/114 [spriggan air mage/the air (16)]
 55055 | Depths:2 | Upgraded the game from 0.29-a0-802-g34511f41fd to
                  | 0.29-a0-813-g4a14ea37d6
 55502 | Depths:2 | You pick up a book of Minor Magic and begin reading...
 55502 | Depths:2 | You add the spells Magic Dart and Call Imp to your library.
 55834 | Depths:2 | Found a one-way gate leading to the halls of Pandemonium.
 56127 | Depths:2 | Reached skill level 16 in Summonings
 56207 | Depths:2 | HP: 23/114 [frost giant/bolt of cold (40)]
 56399 | Depths:2 | Identified the +1 robe of the Known World {Fly}
 56489 | Depths:2 | Gained mutation: Your body sometimes deteriorates upon
                  | taking damage. [you]
 57128 | Depths:3 | You fall into a shaft and drop 1 floor!
 57128 | Depths:4 | Entered Level 4 of the Depths
 57152 | Depths:4 | Reached skill level 27 in Hexes
 57330 | Depths:4 | Reached skill level 11 in Stealth
 57447 | Depths:4 | Noticed a golden dragon
 57458 | Depths:4 | Killed a golden dragon
 57458 | Depths:4 | Identified +0 gold dragon scales
 57593 | Depths:3 | Reached skill level 11 in Dodging
 57741 | Depths:3 | Reached XP level 23. HP: 119/119 MP: 37/37
 57753 | Depths:3 | Found Ycametea's Assorted Antiques.
 57757 | Depths:3 | Found Omoefaapesh's Armour Shop.
 57758 | Depths:3 | Found Boumag's Assorted Antiques.
 57761 | Depths:3 | Bought a scroll of blinking for 255 gold pieces
 57761 | Depths:3 | Bought a potion of mutation for 272 gold pieces
 57890 | Depths:3 | Reached skill level 10 in Spellcasting
 57919 | Depths:3 | Identified the +3 tower shield of Narum {Str+4}
 57919 | Depths:3 | Noticed Louise
 58047 | Depths:3 | Killed Louise
 58176 | Depths:3 | Found a one-way gateway to a ziggurat.
 58225 | Depths:3 | Found an opulent altar of Gozag.
 58271 | Depths:3 | You pick up a book of Iron and begin reading...
 58592 | Depths:3 | Reached skill level 12 in Stealth
 58638 | Depths:4 | +0 gold dragon scales {rare}; a golden dragon skeleton
 58638 | Depths:4 | +0 gold dragon scales {rare}; a golden dragon skeleton
 58638 | Depths:4 | Could not pick up +0 gold dragon scales {rare} here;
                  | ([A]lways) ignore it?
 58719 | Depths:4 | HP: 23/119 [vampire knight/+3 great mace of distortion
                  | (26)]
 58720 | Depths:4 | HP: 6/119 [vampire knight/vampiric draining (16)]
 58773 | Depths:4 | Upgraded the game from 0.29-a0-813-g4a14ea37d6 to
                  | 0.29-a0-834-g1e95ca9f62
 58832 | Depths:4 | Found a gate to the Realm of Zot.
 58942 | Depths:4 | Reached skill level 12 in Fighting
 59718 | Depths:4 | Reached skill level 12 in Dodging
 59823 | Depths:4 | HP: 30/121 [poisoned by a green draconian (poison gas)]
 59828 | Depths:4 | HP: 16/121 [poisoned by a green draconian (poison gas)]
 59833 | Depths:4 | HP: 11/121 [poisoned by a green draconian (poison gas)]
 59838 | Depths:3 | HP: 11/121 [poisoned by a green draconian (poison gas)]
 60354 | Depths:4 | Reached skill level 13 in Stealth
 60502 | Hell     | Entered the Vestibule of Hell
 60502 | Hell     | Noticed Geryon
 60915 | D:6      | Killed freelancePsychic's ghost
 61418 | Shoals:2 | Killed buhh's ghost
 61512 | Shoals:3 | Reached skill level 11 in Spellcasting
 61603 | Shoals:3 | You pick up a book of Rime and begin reading...
 62137 | Snake:2  | Killed Itub's ghost
 62634 | Elf:3    | Killed trickyswaf's ghost
 63053 | Elf:2    | Reached skill level 13 in Fighting
 63236 | Elf:2    | Could not pick up a +0 executioner's axe of freezing
                  | {axerare=g} here; ([A]lways) ignore it?
 63236 | Elf:2    | Could not pick up a +0 executioner's axe of freezing
                  | {axerare=g} here; ([A]lways) ignore it?
 63273 | Elf:2    | Upgraded the game from 0.29-a0-834-g1e95ca9f62 to
                  | 0.29-a0-911-g88e6f02907
 63700 | Vaults:5 | Entered Level 5 of the Vaults
 63703 | Vaults:5 | Reached skill level 13 in Dodging
 63703 | Vaults:5 | Reached skill level 14 in Stealth
 63887 | Vaults:5 | Identified the ring "Ubriudan" {rElec rCorr}
 63960 | Vaults:5 | Reached skill level 12 in Spellcasting
 64033 | Vaults:5 | +0 storm dragon scales {rare}; a storm dragon corpse
 64184 | Vaults:5 | +0 storm dragon scales {rare}; a storm dragon skeleton
 64184 | Vaults:5 | +0 storm dragon scales {rare}; a storm dragon skeleton
 64184 | Vaults:5 | Could not pick up +0 storm dragon scales {rare} here;
                  | ([A]lways) ignore it?
 64236 | Vaults:5 | +0 storm dragon scales {rare}; a storm dragon skeleton
 64280 | Vaults:5 | HP: 30/123 [titan/the air (35)]
 64380 | Vaults:5 | +0 storm dragon scales {rare}; a storm dragon skeleton
 64693 | Vaults:4 | Upgraded the game from 0.29-a0-911-g88e6f02907 to
                  | 0.29-a0-919-gd064cfad1c
 64814 | Vaults:5 | Reached XP level 24. HP: 95/128 MP: 23/40
 64988 | Vaults:5 | Reached skill level 15 in Stealth
 65088 | Vaults:5 | Identified the +8 shortbow "Nacuuk" {vorpal, Fragile rF++}
 65251 | Vaults:5 | Noticed an ancient lich
 65284 | Vaults:5 | Killed an ancient lich
 65285 | Vaults:5 | Reached skill level 14 in Fighting
 65285 | Vaults:5 | Reached skill level 14 in Dodging
 65407 | Vaults:5 | You pick up a book of Debilitation and begin reading...
 65556 | Vaults:5 | You pick up a book of Chaos and begin reading...
 65709 | Vaults:5 | You pick up a book of Winter and begin reading...
 65711 | Vaults:5 | You pick up a book of Conjurations {@e2} and begin
                  | reading...
 65711 | Vaults:5 | You add the spells Searing Ray and Fulminant Prism to your
                  | library.
 65712 | Vaults:5 | Identified the +0 plate armour of the Monkey's Uncle {Harm
                  | rF- Dex+3}
 65753 | Vaults:5 | Got Sif Muna's Tome of Cold and Lightness
 66260 | Vaults:5 | Identified the +1 leather armour of Terror {+Inv Str+3}
 66519 | Vaults:5 | Found Qezuon's Armour Boutique.
 66626 | Vaults:5 | Got a silver rune of Zot
 67879 | Vaults:5 | Identified the +9 longbow of Xojeassumm {vorpal, rC+ Str+2}
 67880 | Vaults:5 | You pick up a book of Annihilations and begin reading...
 68387 | Zot:1    | Entered Level 1 of the Realm of Zot
 68391 | Zot:1    | Reached skill level 13 in Spellcasting
 68585 | Zot:1    | Reached skill level 16 in Stealth
 68748 | Zot:1    | You pick up a book of Winter and begin reading...
 68783 | Zot:1    | You pick up a book of Necromancy and begin reading...
 69908 | Zot:1    | Reached skill level 15 in Dodging
 70493 | Zot:1    | Reached skill level 15 in Fighting
 70791 | Zot:1    | Identified the ring of the Hurling Augurer {Ice rPois Will-
                  | Str-4 Slay+5}
 71099 | Zot:1    | Reached skill level 17 in Stealth
 71497 | Zot:2    | You pick up a book of Minor Magic and begin reading...
 71742 | Zot:2    | +0 shadow dragon scales {rare}; a shadow dragon corpse
 71742 | Zot:2    | +0 shadow dragon scales {rare}; a shadow dragon corpse
 71742 | Zot:2    | Could not pick up +0 shadow dragon scales {rare} here;
                  | ([A]lways) ignore it?
 71818 | Zot:2    | Reached skill level 14 in Spellcasting
 72104 | Zot:2    | HP: 21/132 [???[a doom hound] (18)]
 72118 | Zot:2    | HP: 23/132 [???[a doom hound] (21)]
 72914 | Zot:3    | Reached XP level 25. HP: 136/136 MP: 42/42
 73225 | Zot:3    | You pick up a book of Cantrips and begin reading...
 73291 | Zot:3    | Noticed Grunn
 73296 | Zot:3    | Killed Grunn
 73486 | Zot:3    | Reached skill level 16 in Dodging
 73937 | Zot:4    | Reached skill level 18 in Stealth
 74298 | Zot:4    | Reached skill level 16 in Fighting
 74528 | Zot:4    | +0 shadow dragon scales {rare}; a shadow dragon corpse
 74891 | Zot:4    | Noticed an electric golem
 74903 | Zot:4    | Killed an electric golem
 74955 | Zot:4    | Reached skill level 15 in Spellcasting
 75113 | Zot:5    | Entered Level 5 of the Realm of Zot
 75160 | Zot:5    | Gained mutation: Your spells are a little easier to cast,
                  | but a little less powerful. [you]
 75256 | Zot:4    | Lost mutation: Your spells are a little easier to cast, but
                  | a little less powerful. [potion of mutation]
 75256 | Zot:4    | Lost mutation: Your body sometimes deteriorates upon taking
                  | damage. [potion of mutation]
 75256 | Zot:4    | Gained mutation: You occasionally shout uncontrollably at
                  | your foes. [potion of mutation]
 75256 | Zot:4    | Gained mutation: Armour fits poorly on your strangely
                  | shaped body. [potion of mutation]
 75256 | Zot:4    | Gained mutation: You have sharp toenails. [potion of
                  | mutation]
 75257 | Zot:4    | Lost mutation: You have sharp toenails. [potion of
                  | mutation]
 75257 | Zot:4    | Lost mutation: You occasionally shout uncontrollably at
                  | your foes. [potion of mutation]
 75257 | Zot:4    | Lost mutation: Armour fits poorly on your strangely shaped
                  | body. [potion of mutation]
 75257 | Zot:4    | Gained mutation: You have sharp toenails. [potion of
                  | mutation]
 75258 | Zot:4    | Lost mutation: You have sharp toenails. [potion of
                  | mutation]
 75258 | Zot:4    | Gained mutation: You have large cloven feet. [potion of
                  | mutation]
 75258 | Zot:4    | Gained mutation: Your system is resistant to poisons.
                  | (rPois) [potion of mutation]
 75258 | Zot:4    | Gained mutation: You passively map a small area around you.
                  | [potion of mutation]
 75258 | Zot:4    | Gained mutation: Your muscles are strong. (Str +4, Int/Dex
                  | -1) [potion of mutation]
 75268 | Zot:5    | Found a runed translucent door.
 75274 | Zot:5    | Noticed frustraionsimulator's ghost (legendary OgVM)
 75282 | Zot:5    | U - a +6 quick blade (weapon) {shortrare=g}
 75485 | Zot:5    | Noticed a curse toe
 75498 | Zot:5    | HP: 31/137 [??? (29)]
 75750 | Zot:5    | Killed a curse toe
 76716 | Zot:5    | Reached skill level 19 in Stealth
 76886 | Zot:5    | Learned a level 1 spell: Apportation
 76892 | Zot:5    | Reached skill level 17 in Dodging
 76898 | Zot:5    | Noticed a dread lich
 76913 | Zot:5    | Killed a dread lich
 77095 | Zot:5    | Noticed an orb of fire
 77114 | Zot:5    | Noticed an orb of fire
 77115 | Zot:5    | Noticed an orb of fire
 77202 | Zot:5    | Noticed an orb of fire
 77206 | Zot:5    | Gained mutation: Your magical capacity is low. (-10% MP)
                  | [an orb of fire]
 77291 | Zot:5    | Noticed an orb of fire
 77678 | Zot:5    | Noticed an orb of fire
 77678 | Zot:5    | Noticed an ancient lich
 77690 | Zot:5    | Noticed a Killer Klown
 77715 | Zot:5    | Noticed an electric golem
 77742 | Zot:5    | Noticed an electric golem
 77754 | Zot:5    | Noticed an electric golem
 77755 | Zot:5    | HP: 33/139 [Orb Guardian (24)]
 77756 | Zot:5    | HP: 4/139 [Orb Guardian (30)]
 77757 | Zot:5    | Killed from afar by an electric golem

Vanquished Creatures
  An ancient lich (Vaults:5)
  Vashnia (Snake:3)
  6 golden dragons
  Nikola (Shoals:1)
  A bone dragon (Zot:2)
  A Tzitzimitl (Zot:2)
  An electric golem (Zot:4)
  A doom hound (Zot:2)
  11 tentacled monstrosities
  6 Orb Guardians (Zot:5)
  Asterion (Elf:1)
  2 deep elf blademasters (Elf:3)
  A walking earthen tome (Depths:3)
  9 quicksilver dragons
  2 titans (Vaults:5)
  3 liches
  A walking divine tome (Depths:4)
  2 deep elf master archers (Elf:3)
  An acid blob (Depths:3)
  9 death cobs
  Frances (Snake:2)
  2 sphinxes
  An ancient champion (Vaults:2)
  Agnes (Snake:1)
  A thorn hunter (Depths:3)
  2 tengu reavers
  A kraken (Shoals:3)
  Roxanne (Shoals:1)
  Kirke (Lair:6)
  8 shadow dragons
  Donald (D:9)
  10 storm dragons
  A draconian knight (Zot:4)
  7 draconian monks
  7 frost giants
  The ghost of buhh the Alchemist, an adept OpTm of Cheibriados (Shoals:2)
  7 nagarajas
  2 orc warlords
  5 fire giants
  3 deep elf sorcerers
  18 vault wardens
  A draconian shifter (Zot:1)
  Louise (Depths:3)
  3 draconian annihilators
  7 deep elf elementalists (Elf:3)
  3 spriggan defenders
  A reaper (Zot:2)
  5 war gargoyles
  16 very ugly things
  A draconian stormcaller (Zot:1)
  14 ironbound preservers
  14 stone giants
  5 vampire knights
  5 deep elf demonologists
  7 ironbound thunderhulks
  Azrael (D:12)
  4 deep elf annihilators (Elf:3)
  An entropy weaver (Vaults:3)
  5 black draconians
  2 green draconians
  15 dire elephants
  4 yellow draconians
  6 white draconians
  2 eleionomae (Shoals:3)
  A spark wasp (Depths:2)
  3 red draconians
  A minotaur (Gauntlet)
  19 purple draconians
  An eidolon (Vaults:2)
  10 ettins
  2 deep elf high priests (Elf:3)
  Snorg (Lair:3)
  9 deep elf death magi
  4 merfolk javelineers
  13 merfolk impalers
  10 fire dragons
  8 yaktaur captains
  3 great orbs of eyes
  3 rakshasas
  14 hydras
  16 ice dragons
  4 boulder beetles
  3 merfolk avatars
  4 salamander tyrants
  A death knight (D:12)
  12 ironbound frosthearts
  5 anacondas
  4 spriggan air magi
  2 peacekeepers (Vaults:3)
  12 two-headed ogres
  9 vault guards
  4 centaur warriors
  2 ogre magi
  2 merfolk aquamancers
  An alligator snapping turtle (Shoals:2)
  3 deep troll shamans
  23 naga warriors
  7 satyrs
  5 death yaks (D:10)
  2 tengu warriors (Depths:2)
  6 deep troll earth magi
  22 naga sharpshooters
  22 dancing weapons
  A vampire mage (Depths:1)
  14 shock serpents
  An orc high priest (Orc:2)
  4 hell knights
  18 deep elf knights
  A soul eater (Vaults:2)
  Sonja (Orc:2)
  A spriggan (Depths:2)
  A fire crab (shapeshifter) (Vaults:5)
  9 iron trolls
  A sixfirhy (Depths:2)
  A goliath frog (shapeshifter) (Depths:2)
  7 glowing orange brains
  13 sea snakes
  33 deep trolls
  8 salamander mystics
  2 orange crystal statues
  5 naga ritualists
  Pikel (D:8)
  An orb spider (shapeshifter) (Elf:3)
  3 phantasmal warriors
  A lindwurm (shapeshifter) (Vaults:5)
  6 wizards
  20 harpies
  12 deep elf archers
  7 ironbound convokers
  7 necromancers
  6 orc knights
  23 deep elf zephyrmancers
  26 ugly things
  14 mana vipers
  11 lindwurms
  3 wolf spiders
  A faun (shapeshifter) (Vaults:5)
  28 fauns
  29 deep elf pyromancers
  5 orc sorcerers
  11 cyclopes
  2 oklob plants (Depths:3)
  18 manticores
  20 salamanders
  2 nameless horrors
  22 vault sentinels
  10 guardian serpents
  19 moths of wrath
  9 water nymphs
  12 merfolk sirens
  25 black mambas
  16 elephants
  A rust devil (Depths:2)
  24 cane toads
  An orange demon (Depths:2)
  The ghost of freelancePsychic the Conjurer, a novice DrAM of the Shining One (D:6)
  5 torpor snails (Lair:6)
  15 naga magi
  2 gargoyles (D:12)
  4 unseen horrors
  23 yaktaurs
  3 freezing wraiths
  12 komodo dragons
  A yaktaur (shapeshifter) (D:12)
  15 rime drakes
  An efreet (D:15)
  2 kobold demonologists (D:12)
  3 tormentors (Zot:2)
  An ice devil (Depths:2)
  3 tengu conjurers
  4 red devils (Elf:2)
  A queen bee (Lair:4)
  A meliai (shapeshifter) (Depths:3)
  4 wind drakes
  9 trolls
  4 meliai
  A tarantella (Vaults:5)
  30 merfolk
  Prince Ribbit (D:8)
  22 slime creatures
  3 tyrant leeches (Lair:6)
  9 hornets
  14 blink frogs
  8 polar bears
  14 snapping turtles
  3 dream sheep (Shoals:3)
  2 jumping spiders (shapeshifter)
  3 air elementals
  16 wyverns
  5 shadows
  7 water elementals
  3 wraiths
  2 vampires
  6 fire elementals
  39 yaks
  21 humans (D:13)
  2 basilisks
  2 chaos spawn (Depths:4)
  2 hogs (Lair:6)
  A steam dragon (D:10)
  A neqoxec (Depths:2)
  5 redbacks
  9 vampire mosquitoes
  55 nagas
  7 large abominations (Depths:4)
  3 wargs
  An acid dragon (D:12)
  17 water moccasins
  2 swamp worms (shapeshifter)
  3 small abominations (Depths:4)
  A water moccasin (shapeshifter) (Depths:4)
  39 orc warriors
  10 ogres
  12 centaurs
  35 wolves
  2 lemures (D:8)
  A kobold brigand (D:6)
  4 bullfrogs
  A gnoll sergeant (D:9)
  3 necrophages
  4 scorpions
  2 earth elementals
  4 wights (D:8)
  31 killer bees
  4 electric eels
  8 howler monkeys
  A hound (D:7)
  Crazy Yiuf (D:7)
  14 orc priests
  4 jellies
  Terence (D:3)
  4 iguanas
  19 orc wizards
  5 hell rats
  7 gnolls
  9 adders
  2 river rats
  2 shadow imps
  A white imp (D:5)
  An ufetubus (D:4)
  4 worms
  7 dart slugs
  64 orcs
  11 endoplasms
  3 giant cockroaches
  5 goblins
  6 hobgoblins
  8 jackals
  12 kobolds
  4 quokkas
  10 ball pythons
  2 bats (D:1)
  14 frilled lizards
  11 rats
  3 tentacles (Shoals:3)
1884 creatures vanquished.

Vanquished Creatures (collateral kills)
  A dread lich (Zot:5)
  Sojobo (Vaults:2)
  A curse toe (Zot:5)
  A bone dragon (Zot:2)
  A doom hound (Zot:2)
  The ghost of trickyswaf the Severer, an adept HOFi of Okawaru (Elf:3)
  8 tentacled monstrosities
  Grunn (Zot:3)
  2 Orb Guardians (Zot:5)
  A titan (Vaults:5)
  7 eldritch tentacles
  2 quicksilver dragons
  A sphinx (Vaults:5)
  A kraken (Shoals:3)
  A death cob (Zot:4)
  2 shadow dragons (Zot:4)
  4 storm dragons
  A draconian monk (Depths:4)
  The ghost of Itub the Severer, an adept GrFi of the Shining One (Snake:2)
  A draconian knight (Zot:5)
  2 frost giants
  2 fire giants
  A deep elf sorcerer (Elf:3)
  2 draconian scorchers (Zot:1)
  An iron dragon (Vaults:5)
  2 draconian shifters
  2 vault wardens (Vaults:3)
  3 draconian stormcallers
  11 very ugly things
  A spriggan defender (Vaults:2)
  5 ironbound preservers
  2 reapers
  5 draconian annihilators
  A broodmother (shapeshifter) (Vaults:5)
  4 stone giants
  An ironbound thunderhulk (Vaults:3)
  4 black draconians
  2 green draconians
  5 yellow draconians
  3 red draconians
  2 deep elf annihilators
  3 spark wasps (Depths:2)
  8 purple draconians
  A white draconian (Zot:5)
  4 deep elf death magi
  An ettin (Depths:3)
  A fire dragon (Depths:4)
  2 ice dragons
  3 merfolk javelineers (Shoals:3)
  2 yaktaur captains
  A spriggan air mage (Depths:2)
  21 vault guards
  2 deep elf high priests
  A merfolk avatar (Shoals:3)
  3 merfolk aquamancers (Shoals:3)
  4 dancing weapons
  6 deep troll shamans
  10 hell knights
  2 shock serpents (Snake:2)
  A sun demon (Depths:3)
  4 deep elf knights
  3 iron trolls
  9 deep trolls
  2 wizards
  A flayed ghost (Vaults:5)
  A deep elf archer (Elf:1)
  An ironbound convoker (Vaults:3)
  4 deep elf zephyrmancers
  3 necromancers
  A phantasmal warrior (Vaults:5)
  A large abomination (Depths:4)
  2 deep elf pyromancers
  7 ugly things
  2 mana vipers (Snake:2)
  An orc sorcerer (Vaults:5)
  4 moths of wrath (Zot:4)
  A salamander (Depths:3)
  2 black mambas (Snake:2)
  A rust devil (Depths:2)
  A smoke demon (Depths:3)
  2 naga magi (Snake:2)
  2 vault sentinels (Vaults:5)
  9 yaktaurs
  A hellwing (Depths:2)
  2 tormentors (Zot:2)
  A tengu conjurer (Depths:4)
  8 merfolk (Shoals:3)
  A dream sheep (Shoals:3)
  A small abomination (Depths:4)
  A floating eye (Depths:3)
  An orc (Vaults:5)
  6 tentacles (Shoals:3)
262 creatures vanquished.

Vanquished Creatures (others)
  77 eldritch tentacles
  A vault warden (Vaults:5)
  A draconian scorcher (Zot:1)
  2 draconian annihilators
  A draconian stormcaller (Zot:5)
  5 very ugly things
  3 white draconians
  A green draconian (Zot:1)
  4 yellow draconians (Zot:5)
  2 purple draconians
  A red draconian (Zot:5)
  A deep elf high priest (Elf:3)
  4 vault guards (Vaults:5)
  An ice dragon (Depths:2)
  A deep troll shaman (Depths:3)
  2 hell knights (Depths:3)
  A spriggan (Depths:2)
  A sun demon (Depths:3)
  3 deep trolls
  A necromancer (Depths:3)
  2 deep elf pyromancers (Elf:3)
  A deep elf zephyrmancer (Elf:1)
  5 ugly things
  A black mamba (Snake:2)
  A hornet (Depths:2)
  A merfolk (Shoals:3)
  2 dream sheep (Shoals:3)
  A dancing weapon (Snake:4)
  A water elemental (Shoals:4)
  4 humans (Lair:6)
  A wolf (Lair:6)
  An orc wizard (Orc:2)
  An orc (Orc:2)
  A bush (Lair:6)
  31 demonic plants (Gauntlet)
  39 fungi
  188 plants
  20 tentacles (Shoals:3)
  3 withered plants (Gauntlet)
417 creatures vanquished.

Grand Total: 2563 creatures vanquished

Table legend:
 A = Non-vault XP
 B = Vault XP
 C = Vault XP percentage of total XP
 D = Non-vault monster count
 E = Vault monster count
 F = Vault count percentage of total count
                 A         B        C        D         E       F
            +---------+---------+-------+---------+---------+-------
      Total |  673544 |  583796 |  46.4 |    1253 |     904 |  41.9
            +---------+---------+-------+---------+---------+-------
        D:1 |      57 |       5 |   8.1 |      30 |       4 |  11.8
        D:2 |      45 |       7 |  13.5 |      16 |       7 |  30.4
        D:3 |      69 |      36 |  34.3 |      16 |       1 |   5.9
        D:4 |     369 |     133 |  26.5 |      14 |       8 |  36.4
        D:5 |     475 |       0 |   0.0 |      12 |       0 |   0.0
        D:6 |     619 |     680 |  52.3 |      23 |       5 |  17.9
        D:7 |     571 |     308 |  35.0 |      18 |       3 |  14.3
        D:8 |    1052 |     974 |  48.1 |      16 |       2 |  11.1
        D:9 |    3021 |    4270 |  58.6 |      25 |       7 |  21.9
       D:10 |    3019 |    4449 |  59.6 |      17 |       7 |  29.2
       D:11 |    3308 |       0 |   0.0 |       9 |       0 |   0.0
       D:12 |    5568 |   17691 |  76.1 |      17 |      41 |  70.7
       D:13 |    4795 |    9009 |  65.3 |      10 |      28 |  73.7
       D:14 |    3520 |     863 |  19.7 |       6 |       1 |  14.3
       D:15 |    9862 |    1810 |  15.5 |      23 |       2 |   8.0
     Lair:1 |    5669 |       0 |   0.0 |      22 |       0 |   0.0
     Lair:2 |    6160 |       0 |   0.0 |      18 |       0 |   0.0
     Lair:3 |    5187 |    2076 |  28.6 |      20 |       5 |  20.0
     Lair:4 |    8867 |    9237 |  51.0 |      28 |      53 |  65.4
     Lair:5 |    5831 |       0 |   0.0 |      23 |       0 |   0.0
     Lair:6 |    9661 |   18760 |  66.0 |      35 |      56 |  61.5
   Shoals:1 |    4534 |    3735 |  45.2 |      10 |       2 |  16.7
   Shoals:2 |   18738 |    1272 |   6.4 |      34 |       1 |   2.9
   Shoals:3 |   19404 |   27619 |  58.7 |      43 |      51 |  54.3
   Shoals:4 |   13848 |   19998 |  59.1 |      30 |      32 |  51.6
    Snake:1 |   10182 |    9187 |  47.4 |      24 |      13 |  35.1
    Snake:2 |   24197 |   13771 |  36.3 |      41 |      23 |  35.9
    Snake:3 |    4242 |   12592 |  74.8 |       8 |      22 |  73.3
    Snake:4 |   31618 |   25170 |  44.3 |      65 |      40 |  38.1
      Orc:1 |    3985 |    1429 |  26.4 |      25 |       4 |  13.8
      Orc:2 |    1500 |    5534 |  78.7 |      29 |      20 |  40.8
      Elf:1 |   23271 |    5591 |  19.4 |      37 |       7 |  15.9
      Elf:2 |   17452 |   25127 |  59.0 |      28 |      36 |  56.2
      Elf:3 |   18516 |   38548 |  67.6 |      30 |      35 |  53.8
   Vaults:1 |   19236 |   24664 |  56.2 |      26 |      29 |  52.7
   Vaults:2 |   30250 |   37299 |  55.2 |      46 |      40 |  46.5
   Vaults:3 |   24356 |   12818 |  34.5 |      34 |      21 |  38.2
   Vaults:4 |   15967 |   17813 |  52.7 |      23 |      27 |  54.0
   Vaults:5 |    8012 |   87063 |  91.6 |      11 |      85 |  88.5
   Depths:1 |   21588 |       0 |   0.0 |      27 |       0 |   0.0
   Depths:2 |   33067 |   20370 |  38.1 |      38 |      26 |  40.6
   Depths:3 |   50144 |    7160 |  12.5 |      61 |       9 |  12.9
   Depths:4 |   47573 |   23649 |  33.2 |      52 |      32 |  38.1
      Zot:1 |   35126 |   34803 |  49.8 |      29 |      32 |  52.5
      Zot:2 |   23801 |    7774 |  24.6 |      22 |       6 |  21.4
      Zot:3 |   20487 |    1685 |   7.6 |      17 |       1 |   5.6
      Zot:4 |   44170 |       0 |   0.0 |      38 |       0 |   0.0
      Zot:5 |   30555 |   20896 |  40.6 |      27 |      11 |  28.9
      Sewer |       0 |     162 | 100.0 |       0 |      21 | 100.0
      IceCv |       0 |   23004 | 100.0 |       0 |      38 | 100.0
   Gauntlet |       0 |    4755 | 100.0 |       0 |      10 | 100.0
            +---------+---------+-------+---------+---------+-------

Illustrated notes

Table legend:
 A = Kills in this place as a percentage of kills in entire the game.
 B = Kills by you in this place as a percentage of kills by you in the entire game.
 C = Kills by friends in this place as a percentage of kills by friends in the entire game.
 D = Other kills in this place as a percentage of other kills in the entire game.
 E = Experience gained in this place as a percentage of experience gained in the entire game.
 F = Experience gained in this place divided by the number of levels of this place that you have seen.
                   A       B       C       D       E      F
               +-------+-------+-------+-------+-------+----------------------
         Total | 100.0 | 100.0 | 100.0 | 100.0 | 100.0 | 23284.1
       Dungeon |  17.1 |  19.6 |   0.0 |   0.0 |   6.1 | 5105.7
          Lair |  12.1 |  13.9 |   0.0 |   0.0 |   5.7 | 11908.0
        Shoals |   9.4 |   9.7 |   6.9 |  12.5 |   8.7 | 27287.0
     Snake Pit |  10.9 |  12.0 |   3.6 |   3.1 |  10.4 | 32739.8
  Orcish Mines |   3.6 |   4.2 |   0.0 |   0.0 |   1.0 | 6224.0
   Elven Halls |   8.0 |   7.9 |   8.5 |  12.5 |  10.2 | 42835.0
        Vaults |  15.9 |  14.4 |  26.6 |  15.6 |  22.1 | 55495.6
        Depths |  11.4 |   8.6 |  29.4 |  31.2 |  16.2 | 50887.8
           Zot |   8.5 |   6.0 |  25.0 |  25.0 |  17.4 | 43859.4
         Sewer |   1.0 |   1.1 |   0.0 |   0.0 |   0.0 | 162.0
      Ice Cave |   1.8 |   2.0 |   0.0 |   0.0 |   1.8 | 23004.0
      Gauntlet |   0.5 |   0.5 |   0.0 |   0.0 |   0.4 | 4755.0
               +-------+-------+-------+-------+-------+----------------------

Table legend: (Time is in decaauts)
 A = Elapsed time spent in this place.
 B = Non-inter-level travel time spent in this place.
 C = Inter-level travel time spent in this place.
 D = Time resting spent in this place.
 E = Time spent auto-exploring this place.
 F = Levels seen in this place.
 G = Mean time per level.
                   A        B        C        D        E       F      G
               +--------+--------+--------+--------+--------+-----+--------+
         Total |  58358 |  53447 |   4911 |  12396 |  23694 |  54 | 1080.7 |
       Dungeon |  13042 |  11173 |   1869 |   1289 |   7352 |  15 |  869.5 |
        Temple |      1 |      1 |      0 |      0 |      0 |   1 |    1.0 |
          Lair |   5273 |   4379 |    894 |    358 |   2823 |   6 |  878.8 |
        Shoals |   4084 |   3885 |    199 |    663 |   1404 |   4 | 1021.0 |
     Snake Pit |   5611 |   5195 |    416 |    923 |   2304 |   4 | 1402.8 |
  Orcish Mines |   1306 |   1208 |     98 |    516 |    334 |   2 |  653.0 |
   Elven Halls |   4262 |   4048 |    214 |   1175 |   1214 |   3 | 1420.7 |
        Vaults |   8394 |   7596 |    798 |   1651 |   3238 |   5 | 1678.8 |
        Depths |   6743 |   6418 |    325 |   2083 |   2340 |   4 | 1685.8 |
          Hell |      1 |      1 |      0 |      0 |      0 |   1 |    1.0 |
           Zot |   7705 |   7612 |     93 |   3248 |   2319 |   5 | 1541.0 |
        Bazaar |     11 |     11 |      0 |      0 |      0 |   1 |   11.0 |
         Sewer |    351 |    351 |      0 |    129 |     35 |   1 |  351.0 |
      Ice Cave |    990 |    990 |      0 |    269 |    288 |   1 |  990.0 |
      Gauntlet |    575 |    575 |      0 |     89 |     40 |   1 |  575.0 |
               +--------+--------+--------+--------+--------+-----+--------+

Top non-repeatable levels by time:
   Zot:1: 2495 daAuts
Vaults:5: 2357 daAuts
Vaults:2: 2203 daAuts
Depths:2: 2075 daAuts
   Elf:3: 2061 daAuts
Depths:4: 1830 daAuts
 Snake:4: 1799 daAuts
     D:9: 1708 daAuts
    D:12: 1687 daAuts
   Zot:5: 1681 daAuts
Depths:1: 1660 daAuts
 Snake:2: 1647 daAuts
   Zot:4: 1568 daAuts
    D:10: 1418 daAuts
Vaults:4: 1384 daAuts
